 Dungeon Crawl Stone Soup version 0.27-a0-1177-g245c70e1c0 (webtiles) character file.

Game seed: 2076454865987419687

280464 Wyvernaa the Gelid (level 19, -1/160 HPs)
             Began as a Demonspawn Ice Elementalist on May 12, 2021.
             Was an Initiate of Gozag.
             Slain by Mennas
             ... wielding a +2 sacred scourge of holy wrath
              (16 damage)
             ... on level 1 of the Vaults on May 16, 2021.
             The game lasted 06:48:15 (67552 turns).

Wyvernaa the Gelid (Demonspawn Ice Elementalist)   Turns: 67552, Time: 06:48:16

Health: -1/160     AC: 11    Str: 12    XL:     19   Next: 68%
Magic:  0/36       EV: 34    Int: 24    God:    Gozag
Gold:   2231       SH: 16    Dex: 30    Spells: 13/45 levels left

rFire    + + .     SeeInvis +   A - staff of cold
rCold    + + +     Faith    .   M - +2 shield of Resistance {rF++ rC++ Will++}
rNeg     + . .     Spirit   +   Z - +2 leather armour of Xuistrir {Dex+5}
rPois    .         Reflect  .   O - +1 helmet {SInv}
rElec    +         Harm     .   V - +1 cloak of Starlight {*Dazzle EV+4 Stlth--}
rCorr    +         Rampage  .   (gloves unavailable)
Will     ++++.                  n - +1 pair of boots
Stlth    ++........             F - amulet of the Air {Inacc Fly rElec EV+5 RMsl}
HPRegen  0.36/turn              S - ring "Ytzeckea" {rElec rN+ Will+ Int+4 Stlth+}
MPRegen  0.50/turn              N - ring of Xobytex {Drain rC+ rCorr Dex+6}

@: on berserk cooldown, flying, slowed, glowing, studying 2 skills, repel
missiles, very slow
A: claws 3, thin skeletal structure 2, robust 2, spiny 2, magic shield, magic
regeneration, magic link, fangs 1, wild magic 1
}: 2/15 runes: serpentine, barnacled
a: Renounce Religion, Potion Petition, Call Merchant, Bribe Branch


You were on level 1 of the Vaults.
You worshipped Gozag.
Gozag was most pleased with you.
You visited 7 branches of the dungeon, and saw 34 of its levels.
You visited 1 bazaar.
You also visited: Sewer, Bailey and Volcano.

You collected 16231 gold pieces.
You spent 9238 gold pieces at shops.
You paid 4762 gold pieces to Gozag.

Inventory:

Missiles
 v - 6 throwing nets
Armour
 c - the +1 robe "Nemost" {rF++ Slay+2 SInv}
   (You bought it in a shop on level 7 of the Dungeon)

   It affects your accuracy and damage with ranged weapons and melee attacks
   (+2).
   It greatly protects you from fire.
   It lets you see invisible.
 k - a +2 leather armour of positive energy
 n - a +1 pair of boots (worn)
 x - a +2 cloak of poison resistance
 M - the +2 shield of Resistance (worn) {rF++ rC++ Will++}
   (You bought it in a shop on level 2 of the Orcish Mines)

   It greatly protects you from fire.
   It greatly protects you from cold.
   It greatly increases your willpower.
 O - a +1 helmet of see invisible (worn)
 V - the +1 cloak of Starlight (worn) {*Dazzle EV+4 Stlth--}
   (You bought it in a shop on level 4 of the Snake Pit)

   It affects your evasion (+4).
   It makes you much less stealthy.
 Z - the +2 leather armour of Xuistrir (worn) {Dex+5}
   (You bought it in a shop on level 4 of the Snake Pit)

   It affects your dexterity (+5).
Magical Staves
 A - a staff of cold (weapon)
Jewellery
 F - the amulet of the Air (around neck) {Inacc Fly rElec EV+5 RMsl}
   (You bought it in a shop on level 3 of the Shoals)

   [amulet of nothing]

   It affects your evasion (+5).
   It insulates you from electricity.
   It grants you flight.
   It protects you from missiles.
 G - a ring of flight
 L - the amulet of Syndicalism {RegenMP rElec Dex+4 Stlth-}
   (You found it on level 6 of the Lair of Beasts)

   [amulet of magic regeneration]

   It increases your rate of magic regeneration.
   It affects your dexterity (+4).
   It insulates you from electricity.
   It makes you less stealthy.
 N - the ring of Xobytex (right claw) {Drain rC+ rCorr Dex+6}
   (You bought it in a shop on level 6 of the Lair of Beasts)

   [ring of protection from cold]

   It affects your dexterity (+6).
   It protects you from cold.
   It protects you from acid and corrosion.
   It drains your maximum health when unequipped.
 S - the ring "Ytzeckea" (left claw) {rElec rN+ Will+ Int+4 Stlth+}
   (You found it on level 15 of the Dungeon)

   [ring of willpower]

   It affects your intelligence (+4).
   It insulates you from electricity.
   It protects you from negative energy.
   It increases your willpower.
   It makes you more stealthy.
Wands
 d - a wand of acid (15)
 j - a wand of paralysis (5)
 l - a wand of iceblast (14)
 u - a wand of flame (100)
 w - a wand of polymorph (6)
 y - a wand of charming (4)
 D - a wand of mindburst (32)
 U - a wand of digging (4)
Scrolls
 a - 2 scrolls of fear
 f - 5 scrolls of amnesia
 h - 11 scrolls of teleportation
 o - 7 scrolls of enchant weapon
 B - 3 scrolls of enchant armour
 C - a scroll of identify
 H - 2 scrolls of silence
 R - 3 scrolls of magic mapping
 X - a scroll of fog
 Y - 2 scrolls of blinking
Potions
 b - 2 potions of magic
 e - a potion of invisibility
 g - 3 potions of haste
 i - 3 potions of curing
 r - 2 potions of might
 s - 2 potions of berserk rage
 t - 3 potions of brilliance
 z - 6 potions of mutation
 I - 2 potions of resistance
 T - 3 potions of heal wounds
 W - 2 potions of flight
Miscellaneous
 J - a phantom mirror


   Skills:
 + Level 8.1 Fighting
 - Level 12.6 Staves
 - Level 0.8 Armour
 + Level 13.5 Dodging
 - Level 2.0 Stealth
 * Level 12.5 Shields
 - Level 5.4 Unarmed Combat
 + Level 13.7 Spellcasting
 * Level 9.7 Conjurations
 - Level 3.6 Hexes
 - Level 2.4 Summonings
 + Level 17.2 Ice Magic
 * Level 13.2 Evocations


You had 13 spell levels left.
You knew the following spells:

 Your Spells              Type           Power      Damage    Failure   Level
b - Frozen Ramparts       Ice            100%       1d12      1%          3
c - Ozocubu's Armour      Ice            100%       N/A       1%          3
e - Hailstorm             Conj/Ice       100%       3d20      1%          4
g - Summon Ice Beast      Ice/Summ       90%        N/A       2%          4
h - Metabolic Englaciati  Hex/Ice        46%        N/A       4%          5
i - Tukima's Dance        Hex            44%        N/A       7%          3
j - Call Canine Familiar  Summ           36%        N/A       11%         3
k - Ozocubu's Refrigerat  Ice            57%        4d16      8%          7

Your spell library contained the following spells:

 Spells                   Type           Power      Damage    Failure   Level
 Freeze                   Ice            100%       1d11      1%          1
 Magic Dart               Conj           100%       1d8       1%          1
 Ensorcelled Hibernation  Hex/Ice        100%       N/A       1%          2
 Searing Ray              Conj           100%       3d7       1%          2
 Corona                   Hex            48%        N/A       2%          1
 Dazzling Flash           Conj/Hex       100%       N/A       2%          3
 Ice Form                 Ice/Tmut       85%        N/A       3%          4
 Summon Small Mammal      Summ           100%       N/A       4%          1
 Stone Arrow              Conj/Erth      100%       3d13      4%          3
 Call Imp                 Summ           36%        N/A       6%          2
 Confusing Touch          Hex            44%        N/A       7%          3
 Fulminant Prism          Conj/Hex       29%        3d14      7%          4
 Summon Guardian Golem    Hex/Summ       40%        N/A       9%          3
 Animate Skeleton         Necr           42%        N/A       10%         1
 Iskenderun's Mystic Bla  Conj/Tloc      51%        2d11      13%         4
 Blink                    Tloc           N/A        N/A       14%         2
 Sublimation of Blood     Necr           10%        N/A       14%         2
 Gell's Gravitas          Tloc           10%        N/A       26%         3
 Lesser Beckoning         Tloc           10%        N/A       26%         3
 Teleport Other           Tloc           21%        N/A       26%         3
 Irradiate                Conj/Tmut      25%        3d22      32%         5
 Freezing Cloud           Conj/Ice/Air   43%        6-21      32%         6
 Simulacrum               Ice/Necr       42%        N/A       36%         6
 Summon Lightning Spire   Summ/Air       29%        N/A       45%         4
 Animate Dead             Necr           10%        N/A       63%         4
 Petrify                  Tmut/Erth      21%        N/A       63%         4
 Yara's Violent Unravell  Hex/Tmut       16%        3d8       71%         5
 Borgnjor's Vile Clutch   Necr/Erth      10%        N/A       91%         5
 Lee's Rapid Deconstruct  Erth           10%        3d9*      91%         5
 Manifold Assault         Tloc           21%        N/A       91%         5
 Blade Hands              Tmut           10%        N/A       100%        6
 Statue Form              Tmut/Erth      14%        N/A       100%        6
 Dragon Form              Tmut           10%        N/A       100%        7


Dungeon Overview and Level Annotations

Branches:
Dungeon (15/15)            Temple (1/1) D:6            Lair (6/6) D:9
 Shoals (4/4) Lair:2        Snake (4/4) Lair:3        Slime (0/5) Lair:5
    Orc (2/2) D:9             Elf (0/3) Orc:2        Vaults (2/5) D:13
 Depths (0/5) D:15          Sewer (visited)          Bailey (visited)
Volcano (visited)
  Crypt: Vaults:2-3

Altars:
Ashenzari
Cheibriados
Dithmenos
Elyvilon
Fedhas
Gozag
Hepliaklqana
Kikubaaqudgha
Makhleb
Nemelex Xobeh
Okawaru
Qazlal
Ru
Sif Muna
Trog
Uskayaw
Vehumet
Wu Jian
Xom
Yredelemnul
Zin
The Shining One
Beogh

Shops:
D:7 [   D:9 ?*   D:10 !   D:11 :   D:13 *[   Orc:2 **:([![(   Lair:6 =
Shoals:2 :   Shoals:3 =   Snake:1 ?   Snake:2 =   Snake:3 !   Snake:4 [

Annotations:
Lair:2 exclusion: oklob plant
Lair:6 exclusion: oklob plant
Vaults:1 Mennas


Innate Abilities, Weirdness & Mutations

You have claws for hands.
You have a moderately thin skeletal structure. (Dex +4, Stealth++)
You are very robust. (+20% HP)
You are mostly covered in sharp spines.
When hurt, damage is shared between your health and your magic reserves.
You regenerate magic rapidly.
When low on magic, you restore magic in place of health.
You have very sharp teeth.
Your spells are a little harder to cast, but a little more powerful.


Message History

Mennas is lightly wounded.
Mennas blocks your attack.
You bite Mennas.
Mennas is lightly wounded.
Mennas is struck by your spines.
Mennas hits you with a +2 sacred scourge of holy wrath.
* * * LOW HITPOINT WARNING * * *
You convulse.
* * * LOW HITPOINT WARNING * * *
You block Mennas's attack. Mennas blocks your attack.
Mennas is moderately wounded.
Unknown command.
You are too berserk!
You are too berserk!
Okay, then.
Mennas blocks your attack.
Mennas is moderately wounded.
Unknown command.
Your icy armour will break if you move.
Continue?
Your icy armour cracks and falls away as you move.
Mennas hits you with a +2 sacred scourge of holy wrath!!
* * * LOW HITPOINT WARNING * * *
You convulse.
* * * LOW HITPOINT WARNING * * *
You block Mennas's attack.
You feel a strong urge to attack something.
There is an open door here.
You feel your anger nearly subside.
You are no longer berserk.
You are exhausted.
You feel yourself slow down.
You feel much better.
Mennas hits you with a +2 sacred scourge of holy wrath.
* * * LOW HITPOINT WARNING * * *
You convulse.
* * * LOW HITPOINT WARNING * * *
Mennas hits you with a +2 sacred scourge of holy wrath!!
* * * LOW HITPOINT WARNING * * *
You convulse!!
You die...
Your body crumbles into a pile of gold.

##...##...# #......#'##
##...##...# #......'.#
##...##...# #......#'##
..#.#..#.##
#####''####..##
...#....## #.......#
#...# #'#######
#.......# ###.. #......#
########.......# #..
#......#
#......#...>...######'
#......#
#....@.#.......#...#..
#......#
#.....A#.$.....#...).)
###....#
#......'.......'...#..
##'##..#
#......#....^..##.###.
..##'###
#......#.......#...#..
....###
#.[....#########...#..
......# #.)....# #...#..
......##########''######
##.###.
(.....##....##.........#
#...#..


You could see Mennas (slow).

Vanquished Creatures
  Jorgrun (Shoals:1)
  The ghost of Waleff the Peltast, an adept DrBe of Trog (Snake:2)
  A kraken (Shoals:3)
  A titan (Shoals:2)
  Roxanne (Snake:4)
  Kirke (D:14)
  Donald (Shoals:1)
  7 nagarajas (Snake:4)
  3 orc warlords
  2 vault wardens (Vaults:1)
  A very ugly thing (Vaults:1)
  5 ironbound preservers (Vaults:1)
  An entropy weaver (Vaults:1)
  4 dire elephants (Vaults:1)
  2 merfolk javelineers
  Josephine (D:12)
  4 merfolk impalers
  3 yaktaur captains (Vaults:1)
  The ghost of leviel the Cleaver, a journeyman MiFi of the Shining One (D:10)
  A great orb of eyes (Vaults:1)
  15 naga warriors
  A rakshasa (D:15)
  11 hydras
  4 vault guards (D:13)
  An ice dragon (Lair:5)
  6 boulder beetles
  2 ironbound frosthearts (Vaults:1)
  A peacekeeper (Vaults:1)
  2 merfolk avatars (Shoals:4)
  16 anacondas
  4 merfolk aquamancers
  2 ogre magi (D:15)
  10 centaur warriors
  2 alligators (Snake:2)
  9 two-headed ogres
  A tengu warrior (D:13)
  2 ironbound beastmasters (Vaults:1)
  A shock serpent (Snake:3)
  A hell knight (Volcano)
  16 naga sharpshooters
  2 orc high priests
  4 salamander mystics
  3 skeletal warriors
  10 sea snakes
  A swamp dragon (Snake:2)
  6 naga ritualists
  2 wizards
  An ironbound convoker (Vaults:1)
  21 deep trolls (Vaults:1)
  A necromancer (D:15)
  A phantasmal warrior (D:15)
  26 harpies
  A deep elf pyromancer (D:14)
  The ghost of siradein the Carver, a novice MiGl of Nemelex Xobeh (D:7)
  12 mana vipers
  4 orc sorcerers
  15 ugly things
  15 orc knights
  2 fire giant zombies (D:15)
  9 cyclopes
  24 fauns
  15 manticores
  13 salamanders
  8 elephants
  11 merfolk sirens
  Maurice (D:13)
  5 vault sentinels (Vaults:1)
  A fire giant skeleton (D:15)
  8 guardian serpents
  19 naga magi
  2 gargoyles
  38 black mambas
  10 water nymphs
  22 cane toads
  3 unseen horrors
  16 yaktaurs
  5 rime drakes
  2 tengu conjurers (D:13)
  2 kobold demonologists (D:12)
  17 komodo dragons
  16 merfolk
  7 wind drakes
  3 meliai (D:13)
  7 trolls
  6 tyrant leeches
  A polar bear (Lair:6)
  3 hornets
  31 blink frogs
  A meliai zombie (D:10)
  14 slime creatures
  6 snapping turtles
  24 dream sheep
  A fire dragon skeleton (D:15)
  A redback (Vaults:1)
  2 shadows
  41 yaks
  9 wyverns
  2 vampires
  5 water elementals
  5 wraiths
  8 fire bats (Volcano)
  6 hogs (D:14)
  2 steam dragons
  A basilisk (D:9)
  A human (D:13)
  Menkaure (D:6)
  16 vampire mosquitoes
  54 nagas
  2 swamp worms (Snake:2)
  2 acid dragons
  A warg (Orc:1)
  8 water moccasins
  A hornet zombie (D:5)
  31 orc warriors
  A sky beast (D:5)
  2 ice beasts
  A swamp drake (Snake:2)
  A necrophage (D:4)
  Purgy (Sewer)
  3 black bears
  15 wolves
  3 boggarts (Vaults:1)
  11 centaurs
  9 ogres
  A phantom (D:5)
  Blork the orc (Orc:2)
  21 bullfrogs
  8 kobold brigands
  2 gnoll sergeants
  A wyvern zombie (D:9)
  A scorpion (D:6)
  A water moccasin zombie (D:7)
  12 killer bees
  The ghost of kd29 the Skirmisher, a weakling DsMo (D:4)
  A nameless horror (D:15)
  9 howler monkeys
  3 wights (D:6)
  3 electric eels
  14 centaur zombies
  6 lava snakes (Volcano)
  A bullfrog zombie (D:6)
  8 jellies
  19 orc priests
  4 bullfrog skeletons
  Crazy Yiuf (D:7)
  3 hounds
  2 centaur skeletons
  2 iguanas
  28 orc wizards
  4 hell rats (Lair:5)
  3 killer bee zombies
  A hound skeleton (D:4)
  3 howler monkey zombies
  17 gnolls
  7 adders
  2 river rats (Lair:2)
  An ufetubus (D:5)
  2 adder skeletons
  A worm (D:3)
  3 dart slugs
  72 orcs
  8 ball pythons
  12 endoplasms
  3 giant cockroaches
  13 goblins
  9 hobgoblins
  15 jackals
  34 kobolds
  4 quokkas
  3 bats
  10 frilled lizards
  4 rats
  2 tentacles (Shoals:3)
1260 creatures vanquished.

Vanquished Creatures (collateral kills)
  Nikola (Snake:2)
  An orc warlord (Vaults:1)
  A catoblepas (D:14)
  2 salamanders (Snake:2)
  A naga mage (Snake:1)
  4 slime creatures (D:15)
  5 nagas
  An orc warrior (Orc:1)
  2 orc wizards (Orc:1)
  2 orcs (Orc:1)
20 creatures vanquished.

Vanquished Creatures (others)
  An ironbound convoker (Vaults:1)
  A dream sheep (Lair:5)
  A human (D:14)
  An orc priest (Orc:2)
  3 orcs (Orc:2)
  49 fungi
  276 plants
  2 tentacles (Shoals:3)
  9 withered plants (D:15)
343 creatures vanquished.

Grand Total: 1623 creatures vanquished

Notes
Turn   | Place    | Note
-------+----------+-------------------------------------------
     0 | D:1      | Wyvernaa the Demonspawn Ice Elementalist began the quest
                  | for the Orb.
     0 | D:1      | Reached XP level 1. HP: 13/13 MP: 3/3
   339 | D:1      | Reached skill level 4 in Ice Magic
   445 | D:1      | Gained mutation: You have sharp fingernails. [demonic
                  | ancestry]
   445 | D:1      | Reached XP level 2. HP: 19/19 MP: 1/5
  1913 | D:2      | Gained mutation: You regenerate magic rapidly. [demonic
                  | ancestry]
  1913 | D:2      | Reached XP level 3. HP: 25/25 MP: 4/6
  2388 | D:2      | Learned a level 3 spell: Frozen Ramparts
  2417 | D:2      | Found a faded altar of an unknown god.
  2883 | D:3      | Found a hazy altar of Hepliaklqana.
  2884 | D:3      | Found a snail-covered altar of Cheibriados.
  2884 | D:3      | Found a blossoming altar of Fedhas.
  2885 | D:3      | Noticed a sky beast
  2931 | D:3      | You fall into a shaft and drop 3 floors!
  2932 | D:6      | Noticed a scorpion
  2940 | D:5      | Entered Level 5 of the Dungeon
  2940 | D:5      | Noticed an ogre
  2941 | D:5      | Noticed a kobold brigand
  2952 | D:5      | Noticed an ogre
  3000 | D:4      | Gained mutation: When hurt, damage is shared between your
                  | health and your magic reserves. [demonic ancestry]
  3000 | D:4      | Reached XP level 4. HP: 14/31 MP: 0/7
  3121 | D:3      | Found a glowing drain.
  3172 | Sewer    | Entered a sewer
  3472 | Sewer    | Learned a level 3 spell: Ozocubu's Armour
  3518 | Sewer    | Noticed Purgy
  3529 | Sewer    | Killed Purgy
  3530 | Sewer    | Reached skill level 1 in Fighting
  3530 | Sewer    | Reached skill level 5 in Ice Magic
  3530 | Sewer    | Reached skill level 1 in Evocations
  3530 | Sewer    | Reached XP level 5. HP: 14/37 MP: 4/9
  3894 | D:3      | Found a hide-covered altar of Uskayaw.
  5013 | D:4      | Found a runed translucent door.
  5013 | D:4      | Noticed kd29's ghost (weakling DsMo)
  5192 | D:4      | Noticed a necrophage
  5203 | D:4      | Killed a necrophage
  5204 | D:4      | Reached skill level 1 in Unarmed Combat
  5204 | D:4      | Gained mutation: When low on magic, you restore magic in
                  | place of health. [demonic ancestry]
  5204 | D:4      | Reached XP level 6. HP: 35/43 MP: 6/10
  6768 | D:5      | Gained mutation: You are partially covered in sharp spines.
                  | [demonic ancestry]
  6768 | D:5      | Reached XP level 7. HP: 25/48 MP: 7/12
  6950 | D:5      | Reached skill level 6 in Ice Magic
  7790 | D:5      | Gained mutation: You have very sharp fingernails. [demonic
                  | ancestry]
  7790 | D:5      | Reached XP level 8. HP: 54/54 MP: 6/14
  7826 | D:5      | Reached skill level 7 in Ice Magic
  8575 | D:6      | Learned a level 3 spell: Confusing Touch
  9671 | D:6      | HP: 2/48 [wight/+0 halberd (7)]
 10133 | D:6      | Reached skill level 8 in Ice Magic
 10157 | D:6      | Found a staircase to the Ecumenical Temple.
 10163 | Temple   | Entered the Ecumenical Temple
 10309 | Temple   | Became a worshipper of Gozag Ym Sagoz the Greedy
 10446 | D:6      | Noticed Menkaure
 11021 | D:6      | Killed Menkaure
 11022 | D:6      | Reached skill level 5 in Spellcasting
 11136 | D:7      | Gained mutation: You are mostly covered in sharp spines.
                  | [demonic ancestry]
 11136 | D:7      | Reached XP level 9. HP: 59/59 MP: 13/16
 11215 | D:7      | Found Cuydgh's Antique Armour Shop.
 11218 | D:7      | Bought a silken robe for 159 gold pieces
 11218 | D:7      | Identified the +1 robe "Nemost" {rF++ Slay+2 SInv} (You
                  | bought it in a shop on level 7 of the Dungeon)
 11465 | D:7      | Found a runed translucent door.
 11466 | D:7      | Noticed Crazy Yiuf
 11873 | D:7      | Noticed a skeletal warrior
 11880 | D:7      | Noticed siradein's ghost (novice MiGl)
 11880 | D:7      | Noticed a two-headed ogre
 11889 | D:7      | Found a runed translucent gate.
 11889 | D:7      | Found a runed translucent gate.
 11889 | D:7      | Found a runed translucent gate.
 12190 | D:7      | Bought a glowing cloak for 210 gold pieces
 12659 | D:8      | Reached skill level 5 in Evocations
 12662 | D:8      | Reached skill level 9 in Ice Magic
 13098 | D:8      | Gained mutation: Your body sometimes deteriorates upon
                  | taking damage. [potion of mutation]
 13098 | D:8      | Gained mutation: You expend magic power (3 MP) to
                  | strengthen your wands. [potion of mutation]
 13099 | D:8      | Lost mutation: Your body sometimes deteriorates upon taking
                  | damage. [potion of mutation]
 13099 | D:8      | Lost mutation: You expend magic power (3 MP) to strengthen
                  | your wands. [potion of mutation]
 13099 | D:8      | Gained mutation: Your spells are a little harder to cast,
                  | but a little more powerful. [potion of mutation]
 13099 | D:8      | Gained mutation: You have very sharp teeth. [potion of
                  | mutation]
 13828 | D:9      | Reached XP level 10. HP: 48/65 MP: 16/19
 14507 | D:9      | Reached skill level 10 in Ice Magic
 14615 | D:9      | Found Dacveock's Magic Scroll Shop.
 14823 | D:9      | Noticed an elephant
 14833 | D:9      | Killed an elephant
 14873 | D:9      | Found a staircase to the Lair.
 15527 | D:9      | Found a staircase to the Orcish Mines.
 15759 | D:10     | Entered Level 10 of the Dungeon
 15777 | D:10     | Reached skill level 5 in Unarmed Combat
 15859 | D:10     | Reached skill level 11 in Ice Magic
 15868 | D:10     | Reached XP level 11. HP: 61/71 MP: 16/21
 16240 | D:9      | Bought a scroll of acquirement for 572 gold pieces
 16240 | D:9      | Acquired the +1 pair of gloves "Dyitrynu" {Dex+6}
 16402 | D:10     | Found a basalt altar of Yredelemnul.
 16533 | D:10     | Reached skill level 1 in Staves
 16748 | D:10     | Found Myagh's Distillery.
 16791 | D:10     | Found a runed translucent door.
 16791 | D:10     | Noticed leviel's ghost (journeyman MiFi)
 17031 | D:11     | Found a flagged portal.
 17071 | Bailey   | Entered a bailey
 17132 | Bailey   | Noticed an orc knight
 17140 | Bailey   | Killed an orc knight
 17343 | Bailey   | Identified the +9 great sword of the Bespelling King
                  | {drain, rF++ Will+ Str-4}
 17931 | D:11     | Learned a level 4 spell: Hailstorm
 18360 | D:12     | Noticed a boulder beetle
 18377 | D:12     | Killed a boulder beetle
 18378 | D:12     | Reached skill level 12 in Ice Magic
 18566 | D:12     | Noticed a four-headed hydra
 18637 | D:12     | Noticed Josephine
 18646 | D:12     | Killed Josephine
 18732 | D:12     | Gained mutation: You have claws for hands. [demonic
                  | ancestry]
 18732 | D:12     | Reached XP level 12. HP: 64/78 MP: 19/24
 18976 | Lair:1   | Entered Level 1 of the Lair of Beasts
 19986 | Lair:1   | Noticed a seven-headed hydra
 19995 | Lair:1   | Killed a seven-headed hydra
 19996 | Lair:1   | Reached skill level 5 in Dodging
 20512 | Lair:2   | Noticed a six-headed hydra
 20528 | Lair:2   | Killed a six-headed hydra
 20820 | Lair:2   | Reached skill level 13 in Ice Magic
 21546 | Lair:2   | Found a staircase to the Shoals.
 21653 | Lair:2   | Learned a level 2 spell: Searing Ray
 22007 | Lair:2   | Reached skill level 5 in Staves
 22404 | Lair:3   | Noticed a six-headed hydra
 22414 | Lair:3   | Killed a six-headed hydra
 22931 | Lair:3   | Gained mutation: You have a somewhat thin skeletal
                  | structure. (Dex +2, Stealth+) [demonic ancestry]
 22931 | Lair:3   | Reached XP level 13. HP: 84/84 MP: 22/26
 22951 | Lair:3   | Found a staircase to the Snake Pit.
 24076 | D:11     | Bought a manual of Staves for 1324 gold pieces
 25559 | Lair:5   | Found a staircase to the Slime Pits.
 26121 | Lair:5   | Reached skill level 10 in Staves
 26753 | Lair:6   | Entered Level 6 of the Lair of Beasts
 26753 | Lair:6   | Found a sparkling altar of Nemelex Xobeh.
 28246 | Lair:5   | Reached skill level 5 in Fighting
 28565 | Lair:6   | Gained mutation: You have a moderately thin skeletal
                  | structure. (Dex +4, Stealth++) [demonic ancestry]
 28565 | Lair:6   | Reached XP level 14. HP: 63/99 MP: 13/27
 28985 | Lair:6   | Reached skill level 14 in Ice Magic
 29336 | Lair:6   | Reached skill level 10 in Spellcasting
 30109 | Lair:6   | Identified the amulet of Syndicalism {RegenMP rElec Dex+4
                  | Stlth-}
 30971 | D:10     | Upgraded the game from 0.27-a0-1149-g4505690ab0 to
                  | 0.27-a0-1158-gaa87e14f67
 31149 | Lair:6   | Bought the ring of Xobytex {Drain rC+ rCorr Dex+6} for 669
                  | gold pieces
 31879 | Lair:6   | Bought a ring of willpower for 375 gold pieces
 33102 | D:13     | Reached skill level 1 in Hexes
 33170 | D:13     | Noticed Maurice
 33182 | D:13     | Killed Maurice
 33237 | D:13     | Reached skill level 1 in Shields
 33328 | D:13     | Found Inel's Specialty Armours.
 33347 | D:13     | Found Tugen's Assorted Antiques.
 34349 | D:13     | Found a gate to the Vaults.
 35098 | D:14     | Noticed Kirke
 35109 | D:14     | Killed Kirke
 35110 | D:14     | Reached XP level 15. HP: 99/105 MP: 22/29
 35122 | D:14     | Reached skill level 15 in Ice Magic
 35294 | D:14     | Learned a level 4 spell: Summon Ice Beast
 35303 | D:14     | Found a shadowy altar of Dithmenos.
 35734 | D:15     | Entered Level 15 of the Dungeon
 36100 | D:9      | Bought a scroll labelled XEXZIYMMENT for 30 gold pieces
 36100 | D:9      | Bought a scroll labelled JEBBAI YHYFADD for 30 gold pieces
 36181 | Orc:1    | Entered Level 1 of the Orcish Mines
 36829 | D:11     | Bought a manual of Dodging for 1324 gold pieces
 37047 | Orc:2    | Entered Level 2 of the Orcish Mines
 37065 | Orc:2    | Found Guha's Armour Shoppe.
 37070 | Orc:2    | Found Siudd's Antique Weapon Shoppe.
 37082 | Orc:2    | Found a dark tunnel.
 37154 | Orc:2    | Noticed an orc warlord
 37301 | Orc:2    | Found a staircase to the Elven Halls.
 37334 | Orc:2    | Found Jiyqya's General Store.
 37360 | Orc:2    | Noticed Blork the orc
 37396 | Orc:2    | Found Emuxt's Distillery.
 37402 | Orc:2    | Found a flickering gateway to a bazaar.
 37491 | Bazaar   | Entered a bazaar
 37491 | Bazaar   | Found Ping's Antique Weapon Shop.
 37491 | Bazaar   | Found Sucyregu's Antique Armour Shop.
 37532 | Bazaar   | Found Ytoptaxt's Distillery.
 37540 | Bazaar   | Bought a potion of mutation for 88 gold pieces
 37540 | Bazaar   | Bought a potion of mutation for 88 gold pieces
 37540 | Bazaar   | Bought 2 potions of heal wounds for 110 gold pieces
 37620 | Volcano  | Entered a volcano
 37800 | Volcano  | Found a bloodstained altar of Trog.
 39273 | Orc:2    | Killed Blork the orc
 39382 | Orc:2    | Killed an orc warlord
 39388 | Orc:2    | Found Nelacridgh's Antique Weapon Emporium.
 39413 | Orc:2    | Found Roddix's Antique Armour Emporium.
 39430 | Orc:2    | Found Coaf Kirrio's Book Emporium.
 39446 | Orc:2    | Found Onwekota's General Store.
 40572 | Orc:2    | Bought the +2 shield of Resistance {rF++ rC++ Will++} for
                  | 908 gold pieces
 40572 | Orc:2    | Found the +2 shield of Resistance {rF++ rC++ Will++}
 41178 | Orc:2    | Bought a glimmering leather armour for 224 gold pieces
 41178 | Orc:2    | Identified the +1 leather armour "Xusaph" {Regen+} (You
                  | bought it in a shop on level 2 of the Orcish Mines)
 42761 | D:15     | Reached skill level 1 in Summonings
 43080 | D:15     | Reached skill level 10 in Evocations
 44191 | D:15     | Found a staircase to the Depths.
 44459 | D:15     | Identified the ring "Ytzeckea" {rElec rN+ Will+ Int+4
                  | Stlth+}
 44907 | D:4      | Killed kd29's ghost
 45012 | D:7      | Killed Crazy Yiuf
 45090 | D:7      | Killed siradein's ghost
 45461 | D:10     | Killed leviel's ghost
 45462 | D:10     | Reached skill level 5 in Shields
 45462 | D:10     | Gained mutation: You are robust. (+10% HP) [demonic
                  | ancestry]
 45462 | D:10     | Reached XP level 16. HP: 98/124 MP: 25/31
 45656 | Snake:1  | Entered Level 1 of the Snake Pit
 46107 | Snake:1  | Found Siwunuab's Magic Scroll Shop.
 46111 | Snake:1  | Bought a scroll of magic mapping for 52 gold pieces
 46111 | Snake:1  | Bought a scroll of teleportation for 45 gold pieces
 46111 | Snake:1  | Bought a scroll of teleportation for 45 gold pieces
 47795 | Snake:2  | Noticed Nikola
 47807 | Snake:2  | Killed Nikola
 47816 | Snake:2  | Reached skill level 16 in Ice Magic
 47837 | Snake:2  | Noticed Waleff's ghost (adept DrBe)
 47884 | Snake:2  | Found a transporter.
 47887 | Snake:2  | Found a transporter.
 48000 | Snake:2  | Reached skill level 10 in Dodging
 48178 | Snake:2  | Found Uhyill Lium's Jewellery Shoppe.
 50394 | Snake:3  | Gained mutation: You are very robust. (+20% HP) [demonic
                  | ancestry]
 50394 | Snake:3  | Reached XP level 17. HP: 91/144 MP: 24/33
 51727 | Snake:3  | Found Goigigeb's Distillery.
 52095 | Snake:4  | Entered Level 4 of the Snake Pit
 52371 | Snake:4  | Noticed Roxanne
 52760 | Snake:4  | Reached skill level 1 in Conjurations
 53191 | Snake:4  | Killed Roxanne
 54504 | Snake:4  | Got a serpentine rune of Zot
 54903 | Snake:4  | Bought a runed helmet for 270 gold pieces
 54903 | Snake:4  | Bought the +1 cloak of Starlight {*Dazzle EV+4 Stlth--} for
                  | 1098 gold pieces
 54903 | Snake:4  | Found the +1 cloak of Starlight {*Dazzle EV+4 Stlth--}
 54903 | Snake:4  | Bought a polished leather armour for 252 gold pieces
 54903 | Snake:4  | Identified the +2 leather armour of Xuistrir {Dex+5} (You
                  | bought it in a shop on level 4 of the Snake Pit)
 54922 | Snake:4  | Bought a runed hat for 252 gold pieces
 55141 | Snake:2  | Killed Waleff's ghost
 55166 | Snake:2  | Identified the ring of Gemasmut {rF+ Int+4}
 55345 | Shoals:1 | Entered Level 1 of the Shoals
 55401 | Shoals:1 | Noticed Donald
 55408 | Shoals:1 | Reached XP level 18. HP: 151/152 MP: 29/34
 55412 | Shoals:1 | Reached skill level 5 in Conjurations
 55417 | Shoals:1 | Killed Donald
 55627 | Shoals:1 | Noticed Jorgrun
 55645 | Shoals:1 | Killed Jorgrun
 57118 | Shoals:2 | Upgraded the game from 0.27-a0-1158-gaa87e14f67 to
                  | 0.27-a0-1177-g245c70e1c0
 57300 | Shoals:2 | You are sucked into a shaft and drop 1 floor!
 57327 | Shoals:3 | Reached skill level 10 in Shields
 58035 | Shoals:2 | Found Kiyzofan's Book Boutique.
 59659 | Shoals:4 | Entered Level 4 of the Shoals
 59690 | Shoals:4 | Identified the +6 quarterstaff of the Harvest {drain, Str+7
                  | SInv}
 60149 | Shoals:4 | Identified the Volume of Unholy Clay
 60207 | Shoals:4 | Learned a level 5 spell: Metabolic Englaciation
 61172 | Shoals:4 | Got a barnacled rune of Zot
 61356 | Shoals:3 | Bought the amulet of the Air {Inacc Fly rElec EV+5 RMsl}
                  | for 1113 gold pieces
 61356 | Shoals:3 | Found the amulet of the Air {Inacc Fly rElec EV+5 RMsl}
 61634 | Vaults:1 | Entered Level 1 of the Vaults
 61800 | Vaults:1 | Learned a level 3 spell: Tukima's Dance
 61804 | Vaults:1 | Learned a level 3 spell: Call Canine Familiar
 62358 | Vaults:1 | Reached XP level 19. HP: 133/160 MP: 27/36
 63414 | Vaults:1 | Reached skill level 17 in Ice Magic
 66845 | Vaults:1 | Learned a level 7 spell: Ozocubu's Refrigeration
 67519 | Vaults:2 | Noticed Mennas
 67552 | Vaults:1 | Slain by Mennas

Illustrated notes

Levels and vault maps discovered:
D:1:      wheals_arrival_linesprint, layout_basic, st_stairs_2
D:2:      layout_basic, shapermc_ecumenical_altar_venn
D:3:      layout_loops_cross, chequers_temple_overflow_statue_of_worship,
          lemuel_doored_altar, portal_sewer_entry_c, minmay_close_crescents
D:4:      layout_loops_cross, gammafunk_ghost_grave
D:5:      layout_cave_pods, serial_bayou_pond_e, lexackson_kobold_supper
D:6:      minmay_flawed_box, layout_basic, temple_green, uniq_menkaure
D:7:      layout_basic, serial_shops, shop, gammafunk_ghost_split,
          uniq_crazy_yiuf_cottage
D:8:      layout_gridville
D:9:      minmay_polygon_palace, layout_irregular_city, david_lair_generic,
          david_orc_4, serial_shops, nicolae_shop_trees
D:10:     layout_rooms, nicolae_yredelemnul_corpse_copse, serial_shops,
          shop_fountains, hellmonk_ghost_happy_afterlife
D:11:     layout_basic, enter_bailey_3
D:12:     layout_irregular_city, uniq_josephine
D:13:     layout_gridville, grunt_vaults_entry_fortified, serial_shops,
          shop_fountains, nicolae_barding_shop, uniq_maurice
D:14:     layout_roguey, grunt_dithmenos_shadows, kennysheep_generic_room_14,
          uniq_kirke
D:15:     gammafunk_depths_entry_grave, layout_rooms, grunt_decor_fettered
Temple:   eino_temple_rhombus
Lair:1:   layout_cave_pods, lemuel_fruit_tree, serial_bayou_shore_a,
          serial_bayou_shore_b, serial_bayou_shore_b
Lair:2:   layout_small_grid, minmay_shoals_entry_lonely_mermaid, pond,
          minmay_lair_oklob_chamber
Lair:3:   layout_regular_city, minmay_snake_entry_guardpost_small,
          grunt_megastairs_4, lemuel_fruit_fields
Lair:4:   layout_regular_city
Lair:5:   dragon1_lemuel, layout_loops_ring, nicolae_slime_entry_slimehenge
Lair:6:   minmay_lair_end_frog_pond, layout_cave_shapes, lemuel_oklob_altar
Shoals:1: layout_shoals, nicolae_shoals_square_sea_wall,
          nicolae_shoals_seven_spires, uniq_jorgrun, uniq_donald
Shoals:2: cheibrodos_shoals_gigantism, layout_shoals, serial_shops,
          nicolae_shop_stone
Shoals:3: layout_shoals
Shoals:4: shoals_end_grunt_garden, layout_shoals
Snake:1:  layout_onion_interference, serial_shops, shop_fountains,
          hangedman_snake_pattern, st_stairs_7, drop_trap, grunt_megastairs_3
Snake:2:  onia_ninara_swampy_vault, layout_layer_cave, gammafunk_ghost_arena,
          minmay_shop_enchanted_jewellery, uniq_nikola
Snake:3:  layout_layer_cave, serial_shops, nicolae_shop_crystal
Snake:4:  grunt_snake_rune_pools, layout_onion, serial_bayou_shore_b,
          uniq_roxanne
Orc:1:    layout_diamond_mine, bh_open_orc_temple
Orc:2:    grunt_orc_cross, layout_caves, nicolae_volcano_entry_two_sided,
          serial_shops, bzr_firewalk, nicolae_shop_statue_plus,
          nicolae_shop_stone, nicolae_shop_stone, shop_fountains,
          nicolae_orc_stony_grotto, minmay_orc_temple_b
Vaults:1: vaults_standard_mumra_lines, v_misc_30, v_misc_31, v_misc_23,
          hangedman_vaults_corner_blocks, nicolae_vaults_little_squares_4,
          nicolae_vaults_big_angled_halls, vaults_standard_mumra_x,
          grunt_vaults_twisty, ontoclasm_vaults_claustrophobia,
          ontoclasm_vaults_gateway, nicolae_vaults_arrows, vaults_mumra_lcd,
          ontoclasm_vaults_fault, layout_vaults_omnibox
Vaults:2: v_misc_18, minmay_crypt_entry_skeletal_spiral, vaults_room_corners,
          hangedman_vaults_pinch, v_misc_27, layout_vaults_omnigrid, uniq_jory,
          uniq_mennas, uniq_margery

Skill      XL: |  1  2  3  4  5  6  7  8  9 10 11 12 13 14 15 16 17 18 19 |
---------------+----------------------------------------------------------+-----
Ice Magic      | 4 5 6 8 9 11 12 13 14 15 16 17 | 17.2
Dodging        | 2 3 4 5 8 10 12 13 | 13.5
Stealth        | 2 |  2.0
Fighting       | 1 2 5 6 7 8 |  8.1
Evocations     | 1 2 4 5 6 7 8 9 10 11 12 13 | 13.2
Unarmed Combat | 1 2 3 4 5 |  5.4
Spellcasting   | 3 4 5 6 7 8 9 10 11 12 13 | 13.7
Staves         | 3 5 12 | 12.6
Hexes          | 2 3 |  3.6
Shields        | 2 5 7 9 11 12 | 12.5
Summonings     | 1 2 |  2.4
Conjurations   | 4 7 9 |  9.7
Armour         | |  0.8

Action                   |  1- 3 |  4- 6 |  7- 9 | 10-12 | 13-15 | 16-18 | 19-21 || total
-------------------------+-------+-------+-------+-------+-------+-------+-------++-------
Melee: Unarmed           |    17 |    42 |   101 |   101 |       |       |       ||   261
       Punch             |       |     1 |     2 |    14 |     7 |       |       ||    24
       Bite              |       |       |     1 |    47 |   150 |   235 |    89 ||   522
       Staff             |       |       |       |   230 |   895 |  1293 |   410 ||  2828
 Cast: Freeze            |    77 |   112 |    87 |    90 |    89 |     4 |       ||   459
       Frozen Ramparts   |     1 |     2 |    29 |    65 |   122 |    55 |    17 ||   291
       Ozocubu's Armour  |       |     2 |    36 |    53 |   109 |    55 |    15 ||   270
       Confusing Touch   |       |       |       |     1 |     2 |       |       ||     3
       Searing Ray       |       |       |       |     4 |    14 |     1 |       ||    19
       Hailstorm         |       |       |       |       |    56 |   107 |    26 ||   189
       Summon Ice Beast  |       |       |       |       |    19 |    18 |     4 ||    41
       Metabolic Englaci |       |       |       |       |       |     3 |     4 ||     7
       Call Canine Famil |       |       |       |       |       |     2 |     1 ||     3
       Tukima's Dance    |       |       |       |       |       |       |     4 ||     4
       Ozocubu's Refrige |       |       |       |       |       |       |     3 ||     3
Invok: Call Merchant     |       |       |       |     2 |     1 |     2 |       ||     5
Evoke: Wand              |       |     3 |    12 |     4 |     6 |    12 |       ||    37
  Use: Scroll            |     3 |     2 |     8 |     6 |    11 |     3 |     3 ||    36
       Potion            |     1 |     2 |     3 |     6 |     4 |     1 |     8 ||    25
 Stab: Distracted        |       |       |     1 |     1 |    15 |    17 |     5 ||    39
       Sleeping          |       |       |       |     2 |     8 |    10 |       ||    20
       Invisible         |       |       |       |       |       |    35 |     7 ||    42
Armor: Robe              |    16 |    33 |    43 |   253 |   244 |    94 |       ||   683
       Leather armour    |       |       |       |       |       |    36 |    24 ||    60
Dodge: Dodged            |    54 |    82 |   118 |   394 |   606 |   751 |   294 ||  2299
       Repelled          |       |       |       |       |       |       |     3 ||     3
Block: Buckler           |       |       |       |       |    76 |       |       ||    76
       Kite shield       |       |       |       |       |   115 |   805 |   237 ||  1157

Table legend: (Time is in decaauts)
 A = Elapsed time spent in this place.
 B = Non-inter-level travel time spent in this place.
 C = Inter-level travel time spent in this place.
 D = Time resting spent in this place.
 E = Time spent auto-exploring this place.
 F = Levels seen in this place.
 G = Mean time per level.
                   A        B        C        D        E       F      G
               +--------+--------+--------+--------+--------+-----+--------+
         Total |  66965 |  62533 |   4432 |  25258 |  18194 |  38 | 1762.2 |
       Dungeon |  27556 |  24822 |   2734 |  10218 |   7936 |  15 | 1837.1 |
        Temple |    157 |    146 |     11 |      0 |      0 |   1 |  157.0 |
          Lair |  12511 |  11516 |    995 |   4978 |   3302 |   6 | 2085.2 |
        Shoals |   5911 |   5778 |    133 |   1286 |   2610 |   4 | 1477.8 |
     Snake Pit |   9247 |   8912 |    335 |   2924 |   2802 |   4 | 2311.8 |
  Orcish Mines |   4310 |   4114 |    196 |   1644 |    926 |   2 | 2155.0 |
        Vaults |   5763 |   5736 |     27 |   3625 |    511 |   2 | 2881.5 |
        Bazaar |     69 |     69 |      0 |      0 |      0 |   1 |   69.0 |
         Sewer |    621 |    621 |      0 |    396 |     40 |   1 |  621.0 |
        Bailey |    495 |    495 |      0 |    160 |      0 |   1 |  495.0 |
       Volcano |    320 |    320 |      0 |     26 |     65 |   1 |  320.0 |
               +--------+--------+--------+--------+--------+-----+--------+

Top non-repeatable levels by time:
Vaults:1: 5447 daAuts
  Lair:5: 3465 daAuts
   Orc:2: 3265 daAuts
    D:15: 3004 daAuts
     D:9: 2850 daAuts
 Snake:4: 2641 daAuts
     D:5: 2549 daAuts
    D:13: 2509 daAuts
     D:6: 2416 daAuts
 Snake:2: 2408 daAuts
 Snake:3: 2353 daAuts
  Lair:6: 2257 daAuts
  Lair:2: 2088 daAuts
  Lair:3: 1968 daAuts
 Snake:1: 1843 daAuts
